 Dungeon Sprint DCSS version bcrawl-1.27.5 (webtiles) character file.

Game seed: 675162422024561396

8300000 Freyura the Axe Maniac (level 27, -14/323 HPs)
             Began as a Demonspawn Gladiator on Aug 20, 2020.
             Was the Champion of Makhleb.
             Demolished by a meat berserker
             ... wielding a +9 battleaxe
              (55 damage)
             ... in the Dungeon (Sprint VIII: "Arena of Blood").
             The game lasted 00:04:19 (83 turns).

Freyura the Axe Maniac (Demonspawn Gladiator)         Turns: 83, Time: 00:04:20

Health: -14/323    AC: 12    Str: 16    XL:     27
Magic:  34/54      EV: 37    Int: 11    God:    Makhleb [******]
Gold:   0          SH:  0    Dex: 25    Spells: 80/80 levels left

rFire    . . .     SeeInvis .   l - +∞ Axe of Woe
rCold    . . .     Gourm    .   (shield currently unavailable)
rNeg     . . .     Faith    .   b - +0 leather armour
rPois    +         Spirit   .   c - +0 helmet
rElec    .         Reflect  .   (no cloak)
rCorr    .         Harm     .   (no gloves)
MR       ++...     NoTele   +   (boots unavailable)
Stlth    ++++++++++             (no amulet)
HPRegen  10.63/turn             p - +250 ring of slaying
MPRegen  0.34/turn              o - +250 ring of slaying

@: no status effects
A: talons 3, slimy green scales 3, nightstalker 3, powered by death 3, robust 3
a: Minor Destruction, Lesser Servant of Makhleb, Major Destruction, Greater
Servant of Makhleb, Renounce Religion


You were in the Dungeon.
You worshipped Makhleb.
Makhleb was exalted by your worship.
You were not hungry.

You visited 1 branch

Inventory:

Hand Weapons
 a - a +0 war axe
 l - the +∞ Axe of Woe (weapon)
   (You found it in the Dungeon)
Missiles
 d - 3 throwing nets {=f}
Armour
 b - a +0 leather armour (worn)
 c - a +0 helmet (worn)
Jewellery
 m - a +30 ring of slaying
 n - a +30 ring of slaying
 o - a +250 ring of slaying (right hand)
 p - a +250 ring of slaying (left hand)
 q - a +30 ring of slaying
Scrolls
 k - a scroll of blinking
Potions
 f - a potion of curing
 g - a potion of heal wounds
 h - a potion of haste
 i - 2 potions of magic
 j - a potion of berserk rage
Comestibles
 e - a ration {!d}


   Skills:
 O Level 27 Fighting
 O Level 27 Axes
 O Level 27 Throwing
 O Level 27 Armour
 O Level 27 Dodging
 O Level 27 Stealth
 O Level 27 Unarmed Combat
 O Level 27 Spellcasting
 O Level 27 Invocations


You had 80 spell levels left.
You didn't know any spells.
Your spell library was empty.

Dungeon Overview and Level Annotations

Branches:
Dungeon (1/1)

Altars:
Makhleb


Innate Abilities, Weirdness & Mutations

You have claws for feet.
You are completely covered in slimy green scales. (AC +4, rPois)
You are completely attuned to the shadows.
You regenerate a lot of health from kills.
You are extremely robust. (+30% HP)


Message History

The eight-headed meat hydra calls on the powers of darkness!
The eight-headed meat hydra convulses!
Your body is wracked with pain!
You hear a shout!
The meat berserker hits you with a +9 battleaxe!!
* * * LOW HITPOINT WARNING * * *
You hear a shout! x8
The meat berserker barely misses you.
q - a +30 ring of slaying
Things that are here:
a +9 war axe; a bag of meat corpse You hear a shout!
You feel something staring at you.
A fireball appears from out of thin air!
The fireball explodes!
Deactivating autopickup; reactivate with Ctrl-A.
The fireball engulfs you!!!
* * * LOW HITPOINT WARNING * * *
The fireball engulfs the meat berserker!!!
You hear a shout! x3
The meat berserker hits you with a +9 battleaxe!!!
You die...

#..{..##.#
...........
.........#.
...........
......@....
#....))O...
...D)))....
....)).......
...)#)......#
....#.).....# .
..###......§###..
......)###......
V...))._...§.


You could see an eight-headed meat hydra and a meat berserker (berserk).

Vanquished Creatures
  A hell beast (D)
  2 greater mummies (D)
  9 vampire knights (D)
  14 ogres (D)
  3 liches (D)
  17 orcs (D)
  2 phantoms (D)
  6 skeletal warriors (D)
  A large abomination (D)
  3 small abominations (D)
  5 crawling corpses (D)
63 creatures vanquished.

Notes
Turn   | Place    | Note
-------+----------+-------------------------------------------
     0 | D        | Found the +∞ Axe of Woe
     0 | D        | Freyura the Demonspawn Gladiator began the quest for the
                  | Orb.
     0 | D        | Reached XP level 1. HP: 16/16 MP: 1/1
     1 | D        | Noticed a bag of meat
     3 | D        | Became a worshipper of Makhleb the Destroyer
     5 | D        | Noticed a bag of meat
     5 | D        | Noticed a bag of meat
     7 | D        | Noticed a meat berserker
     7 | D        | Noticed a bag of meat
     8 | D        | Noticed a meat berserker
     8 | D        | Noticed a bag of meat
     9 | D        | Killed a bag of meat
     9 | D        | Gained mutation: You are partially covered in slimy green
                  | scales. (AC +2) [demonic ancestry]
     9 | D        | Reached XP level 2. HP: 35/35 MP: 2/2
     9 | D        | Reached XP level 3. HP: 41/41 MP: 3/3
     9 | D        | Gained mutation: You regenerate a little health from kills.
                  | [demonic ancestry]
     9 | D        | Reached XP level 4. HP: 47/47 MP: 4/4
     9 | D        | Reached XP level 5. HP: 53/53 MP: 5/5
     9 | D        | Reached XP level 6. HP: 60/60 MP: 6/6
     9 | D        | Reached XP level 7. HP: 65/65 MP: 7/7
     9 | D        | Gained mutation: You are mostly covered in slimy green
                  | scales. (AC +3) [demonic ancestry]
     9 | D        | Reached XP level 8. HP: 72/72 MP: 8/8
     9 | D        | Gained mutation: You are completely covered in slimy green
                  | scales. (AC +4, rPois) [demonic ancestry]
     9 | D        | Reached XP level 9. HP: 78/78 MP: 9/9
     9 | D        | Gained mutation: You are slightly more attuned to the
                  | shadows. [demonic ancestry]
     9 | D        | Reached XP level 10. HP: 85/85 MP: 10/10
     9 | D        | Reached XP level 11. HP: 90/90 MP: 11/11
    10 | D        | Noticed a bag of meat
    11 | D        | Killed a bag of meat
    11 | D        | Reached * piety under Makhleb
    11 | D        | Reached skill level 10 in Throwing
    11 | D        | Gained mutation: You have sharp toenails. [demonic
                  | ancestry]
    11 | D        | Reached XP level 12. HP: 100/100 MP: 12/12
    11 | D        | Killed a bag of meat
    11 | D        | Gained mutation: You are significantly more attuned to the
                  | shadows. [demonic ancestry]
    11 | D        | Reached XP level 13. HP: 109/109 MP: 13/13
    12 | D        | Killed a meat berserker
    12 | D        | Reached XP level 14. HP: 120/120 MP: 14/14
    13 | D        | Noticed a bag of meat
    14 | D        | Noticed a meat berserker
    14 | D        | Noticed a meat berserker
    15 | D        | Killed a bag of meat
    15 | D        | Reached ** piety under Makhleb
    15 | D        | Reached skill level 1 in Armour
    15 | D        | Gained mutation: You have razor-sharp toenails. [demonic
                  | ancestry]
    15 | D        | Reached XP level 15. HP: 127/127 MP: 15/15
    16 | D        | Killed a meat berserker
    17 | D        | Reached skill level 27 in Axes
    17 | D        | Reached XP level 16. HP: 141/141 MP: 16/16
    17 | D        | Noticed a meat berserker
    18 | D        | Noticed a meat berserker
    19 | D        | Killed a meat berserker
    19 | D        | Reached *** piety under Makhleb
    19 | D        | Reached skill level 27 in Dodging
    19 | D        | Reached XP level 17. HP: 160/160 MP: 17/17
    20 | D        | Killed a meat berserker
    20 | D        | Reached skill level 10 in Armour
    21 | D        | Killed a meat berserker
    21 | D        | Reached **** piety under Makhleb
    21 | D        | Reached skill level 27 in Fighting
    21 | D        | Gained mutation: You regenerate health from kills. [demonic
                  | ancestry]
    21 | D        | Reached XP level 18. HP: 182/182 MP: 18/18
    24 | D        | Noticed a destroyer
    24 | D        | Killed a destroyer
    24 | D        | Reached skill level 27 in Throwing
    25 | D        | Reached XP level 19. HP: 189/189 MP: 19/19
    26 | D        | Noticed a destroyer
    27 | D        | Reached ***** piety under Makhleb
    29 | D        | Killed a destroyer
    29 | D        | Reached skill level 27 in Armour
    29 | D        | Noticed a meat berserker
    29 | D        | Noticed a destroyer
    31 | D        | Reached skill level 10 in Stealth
    33 | D        | Killed a meat berserker
    33 | D        | Gained mutation: You are completely attuned to the shadows.
                  | [demonic ancestry]
    33 | D        | Reached XP level 20. HP: 197/197 MP: 19/37
    33 | D        | Reached skill level 15 in Stealth
    34 | D        | Killed a destroyer
    35 | D        | Noticed a meat berserker
    36 | D        | Noticed a destroyer
    37 | D        | Killed a meat berserker
    37 | D        | Reached ****** piety under Makhleb
    37 | D        | Gained mutation: You are robust. (+10% HP) [demonic
                  | ancestry]
    37 | D        | Reached XP level 21. HP: 197/224 MP: 21/44
    39 | D        | Noticed a destroyer
    41 | D        | Noticed a destroyer
    42 | D        | Killed a destroyer
    42 | D        | Reached skill level 27 in Invocations
    42 | D        | Killed a destroyer
    42 | D        | Reached XP level 22. HP: 172/233 MP: 23/50
    44 | D        | Noticed an accursed
    44 | D        | Killed an accursed
    44 | D        | Reached skill level 27 in Stealth
    44 | D        | Noticed a destroyer
    45 | D        | Reached skill level 27 in Unarmed Combat
    45 | D        | Reached skill level 27 in Spellcasting
    46 | D        | Gained mutation: You have claws for feet. [demonic
                  | ancestry]
    46 | D        | Reached XP level 23. HP: 240/240 MP: 24/54
    49 | D        | Killed a destroyer
    53 | D        | Noticed a destroyer
    56 | D        | Noticed a tyrant
    57 | D        | Killed a destroyer
    57 | D        | Gained mutation: You are very robust. (+20% HP) [demonic
                  | ancestry]
    57 | D        | Reached XP level 24. HP: 240/272 MP: 26/54
    57 | D        | Killed a destroyer
    58 | D        | Killed a tyrant
    60 | D        | Noticed an accursed
    62 | D        | Reached XP level 25. HP: 280/280 MP: 28/54
    63 | D        | Noticed a tyrant
    68 | D        | Killed a tyrant
    68 | D        | Gained mutation: You regenerate a lot of health from kills.
                  | [demonic ancestry]
    68 | D        | Reached XP level 26. HP: 290/290 MP: 29/54
    68 | D        | Killed an accursed
    70 | D        | Noticed a tyrant
    71 | D        | Noticed a destroyer
    72 | D        | Gained mutation: You are extremely robust. (+30% HP)
                  | [demonic ancestry]
    72 | D        | Reached XP level 27. HP: 290/323 MP: 30/54
    74 | D        | Killed a tyrant
    76 | D        | Noticed a meat beast
    78 | D        | Killed a destroyer
    80 | D        | Killed a meat beast
    83 | D        | Demolished by a meat berserker

Skill      XL: |  1  2  3  4  5  6  7  8  9 10 11 12 13 14 15 16 17 18 19 20 21 22 |
---------------+-------------------------------------------------------------------+-----
Fighting       | 9 11 12 14 17 21 27 | 27.0
Axes           | 17 19 21 23 24 27 | 27.0
Throwing       | 8 10 12 14 18 22 27 | 27.0
Dodging        | 16 18 20 22 23 25 27 | 27.0
Armour         | 1 2 8 12 23 27 | 27.0
Stealth        | 14 20 26 27 | 27.0
Unarmed Combat | 13 19 24 27 | 27.0
Spellcasting   | 13 19 24 27 | 27.0
Invocations    | 18 25 27 | 27.0

Action                   |  1- 3 |  4- 6 |  7- 9 | 10-12 | 13-15 | 16-18 | 19-21 | 22-24 | 25-27 || total
-------------------------+-------+-------+-------+-------+-------+-------+-------+-------+-------++-------
Melee: Executioner's axe |     1 |       |       |     1 |     4 |     5 |     7 |    10 |    12 ||    40
 Stab: Distracted        |       |       |       |       |       |       |       |     1 |       ||     1
Armor: Leather armour    |       |       |       |       |       |       |     1 |       |     3 ||     4
Dodge: Dodged            |       |       |       |       |       |       |       |       |     5 ||     5
